 Dungeon Crawl Stone Soup version 0.26.0-18-gc5c842f807 (webtiles) character file.

Game seed: 2697039325075917806

2300 kaeus the Arsonist (level 9, -5/45 HPs)
             Began as a Gargoyle Fire Elementalist on Jan 23, 2021.
             Was an Initiate of Vehumet.
             Slain by an orc warrior
             ... wielding a +0 trident
              (14 damage)
             ... on level 7 of the Dungeon.
             The game lasted 00:09:52 (8660 turns).

kaeus the Arsonist (Gargoyle Fire Elementalist)     Turns: 8660, Time: 00:09:53

Health: -5/45      AC: 10    Str: 12    XL:     9   Next: 40%
Magic:  19/26      EV: 12    Int: 19    God:    Vehumet [......]
Gold:   343        SH:  0    Dex: 10    Spells: 9/19 levels left

rFire    . . .     SeeInvis .   v - +1 rapier (vamp)
rCold    . . .     Faith    .   (no shield)
rNeg     + . .     Spirit   .   a - +0 robe
rPois    ∞         Reflect  .   o - +0 helmet
rElec    +         Harm     .   y - +0 cloak {rPois}
rCorr    .         Rampage  .   (no gloves)
Will     .....                  (no boots)
Stlth    ++........             l - amulet of the acrobat
HPRegen  0.15/turn              h - ring of magical power
MPRegen  0.20/turn              d - ring of wizardry

@: no status effects
A: negative energy resistance 1, electricity resistance, unbreathing,
petrification resistance, miasma immunity, AC +6
a: Renounce Religion


You were on level 7 of the Dungeon.
You worshipped Vehumet.
Vehumet was noncommittal.
You visited 2 branches of the dungeon, and saw 8 of its levels.

You collected 343 gold pieces.

Inventory:

Hand Weapons
 v - a +1 vampiric rapier (weapon)
 w - a +2 mace of holy wrath
Armour
 a - a +0 robe (worn)
 o - a +0 helmet (worn)
 y - a +0 cloak of poison resistance (worn)
Magical Staves
 x - an uncursed staff of poison
Jewellery
 d - a ring of wizardry (right hand)
 h - a ring of magical power (left hand)
 l - an amulet of the acrobat (around neck)
Wands
 r - a wand of iceblast (14)
 A - a wand of enslavement (5)
Scrolls
 b - 4 scrolls of teleportation
 c - a scroll of random uselessness
 e - a scroll of identify
 i - 2 scrolls of blinking
 j - 10 scrolls of remove curse
 n - 4 scrolls of amnesia
 B - a scroll of immolation {unknown}
Potions
 f - a potion of haste {unknown}
 g - 3 potions of heal wounds {unknown}
 k - 2 potions of brilliance {unknown}
 m - 3 potions of curing
 p - 2 potions of attraction {unknown}
 q - a potion of flight {unknown}
 s - 3 potions of lignification
 t - a potion of berserk rage {unknown}
 u - a potion of ambrosia {unknown}
 z - a potion of magic {unknown}


   Skills:
 - Level 1.5 Dodging
 - Level 2.1 Stealth
 + Level 5.8 Spellcasting
 + Level 6.7 Conjurations
 * Level 9.3 Fire Magic


You had 9 spell levels left.
You knew the following spells:

 Your Spells              Type           Power        Failure   Level
a - Foxfire               Conj/Fire      100%         1%          1
b - Sticky Flame          Conj/Fire      36%          1%          4
c - Fireball              Conj/Fire      18%          4%          5

Your spell library contained the following spells:

 Spells                   Type           Power        Failure   Level
 Conjure Flame            Conj/Fire      36%          1%          3
 Inner Flame              Hex/Fire       23%          1%          3


Dungeon Overview and Level Annotations

Branches:
Dungeon (7/15)             Temple (1/1) D:6

Altars:
Ashenzari
Dithmenos
Fedhas
Gozag
Hepliaklqana
Kikubaaqudgha
Nemelex Xobeh
Okawaru
Qazlal
Ru
Sif Muna
Uskayaw
Vehumet
Wu Jian
Xom
The Shining One

Shops:
D:6 ?

Annotations:
D:3 1 runed translucent door, Crazy Yiuf


Innate Abilities, Weirdness & Mutations

You are resistant to torment.
Your stone body is resilient. (AC +6)
You are immune to poison.
You resist negative energy. (rN+)
You are resistant to electric shocks. (rElec)
You can survive without breathing.
You are immune to petrification.
You are immune to miasma.


Message History

Confirm with . or Enter, or press ? or * to list all spells.
Aiming: Fireball (quite dangerous; 4% risk of failure)
Press: ? - help, Shift-Dir - straight line, f - orc warrior
Aim: an orc warrior, wielding a +0 trident and wearing a +0 plate armour The fireball explodes!
The fireball engulfs the orc warrior.
The orc warrior is lightly wounded.
The fireball engulfs the orc!!
You kill the orc!
Vehumet accepts your kill.
The orc priest looks braver for a moment.
The orc warrior hits you from afar with a +0 trident.
* * * LOW HITPOINT WARNING * * *
You take 3 damage, and have 6/45 hp.
You now have 16/26 mp.
The orc is engulfed in a cloud of scalding steam.
You kill the orc!
Vehumet accepts your kill.
A sky beast comes into view.
There is a stone staircase leading up here.
The orc warrior hits you from afar with a +0 trident!
You die...

##...............## #.........##
##...............###...........#
##............................#
##............................
##...........................
##......÷...........>.......
##.........................
........................
.......@.o..............
.............o...)......
........................
.......Y................
###..................[..
##..................##
##..................#
#.......>..........#
##..................


You could see an orc warrior, a sky beast and an orc priest.

Vanquished Creatures
  Sigmund (D:5)
  A steam dragon (D:4)
  A water moccasin (D:7)
  A black bear (D:4)
  An ice beast (D:5)
  A sky beast (D:6)
  A phantom (D:5)
  3 ogres
  4 centaurs
  2 bullfrogs (D:7)
  A scorpion (D:6)
  A water moccasin skeleton (D:6)
  A quasit (D:6)
  4 hounds
  A bullfrog skeleton (D:5)
  A centaur zombie (D:5)
  A jelly (D:4)
  An orc priest (D:6)
  An orc wizard (D:5)
  Terence (D:3)
  2 iguanas
  5 worker ants
  A killer bee zombie (D:5)
  A hound zombie (D:5)
  A hound skeleton (D:4)
  9 adders
  A shadow imp (D:6)
  An ufetubus (D:6)
  An ooze (D:1)
  3 worms
  A dart slug (D:1)
  3 leopard geckos
  13 orcs
  5 bats
  8 giant cockroaches
  8 hobgoblins
  4 jackals (D:2)
  3 quokkas
  A ball python (D:2)
  3 frilled lizards
  7 goblins
  A jackal zombie (D:5)
  9 kobolds
  A quokka zombie (D:6)
  6 rats
127 creatures vanquished.

Vanquished Creatures (collateral kills)
  A foxfire (D:3)
1 creature vanquished.

Vanquished Creatures (others)
  An orc wizard (D:5)
  452 foxfires
  5 plants (D:3)
458 creatures vanquished.

Grand Total: 586 creatures vanquished

Notes
Turn   | Place    | Note
-------+----------+-------------------------------------------
     0 | D:1      | kaeus the Gargoyle Fire Elementalist began the quest for
                  | the Orb.
     0 | D:1      | Reached XP level 1. HP: 10/10 MP: 3/3
   190 | D:1      | Reached XP level 2. HP: 15/15 MP: 1/5
  1173 | D:2      | Reached XP level 3. HP: 19/19 MP: 6/6
  1504 | D:2      | Found a stormy altar of Qazlal.
  1840 | D:2      | Reached skill level 4 in Fire Magic
  1840 | D:2      | Reached XP level 4. HP: 18/24 MP: 7/7
  2470 | D:3      | Found a runed translucent door.
  2471 | D:3      | Noticed Crazy Yiuf
  2770 | D:3      | Noticed Terence
  2783 | D:3      | Killed Terence
  2962 | D:3      | Reached XP level 5. HP: 28/28 MP: 9/9
  3779 | D:4      | Reached skill level 5 in Fire Magic
  3861 | D:4      | Reached XP level 6. HP: 32/32 MP: 10/10
  4004 | D:4      | Noticed a steam dragon
  4037 | D:4      | Noticed a black bear
  4925 | D:5      | Entered Level 5 of the Dungeon
  5245 | D:5      | Reached XP level 7. HP: 32/36 MP: 12/12
  5417 | D:5      | Noticed Sigmund
  5422 | D:5      | Killed Sigmund
  5423 | D:5      | Reached skill level 6 in Fire Magic
  5996 | D:5      | Reached XP level 8. HP: 19/41 MP: 14/14
  6231 | D:5      | Reached skill level 7 in Fire Magic
  6538 | D:5      | Learned a level 4 spell: Sticky Flame
  6544 | D:5      | Learned a level 5 spell: Fireball
  6592 | D:4      | Reached skill level 5 in Conjurations
  7156 | D:6      | Reached skill level 5 in Spellcasting
  7156 | D:6      | Reached skill level 8 in Fire Magic
  7177 | D:6      | Reached XP level 9. HP: 28/45 MP: 4/17
  7454 | D:6      | Found a staircase to the Ecumenical Temple.
  7787 | Temple   | Entered the Ecumenical Temple
  7947 | Temple   | Became a worshipper of Vehumet
  8049 | D:6      | Found Zyzoate's Magic Scroll Shop.
  8402 | D:7      | Reached skill level 9 in Fire Magic
  8660 | D:7      | Slain by an orc warrior

Illustrated notes

Levels and vault maps discovered:
D:1:      dpeg_arrival_simpleton_b, layout_basic
D:2:      layout_loops_ring, grunt_qazlal_sundering
D:3:      layout_loops_cross, minivault_23, hangedman_decor_slide_cut,
          lexackson_kobold_supper, uniq_crazy_yiuf_cottage, uniq_terence
D:4:      layout_rooms
D:5:      layout_basic, uniq_sigmund
D:6:      layout_layer_cave, minmay_temple_entry_waves, serial_shops,
          nicolae_shop_statue_plus
D:7:      layout_layer_cave, nicolae_water_bricks
Temple:   eino_wide_crystal_templ

Skill      XL: |  1  2  3  4  5  6  7  8  9 |
---------------+----------------------------+-----
Conjurations   | 2 3 4 6 |  6.7
Fire Magic     | 4 5 6 8 9 |  9.3
Spellcasting   | 3 4 5 |  5.8
Dodging        | |  1.5
Stealth        | |  2.1

Action                   |  1- 3 |  4- 6 |  7- 9 || total
-------------------------+-------+-------+-------++-------
Melee: Unarmed           |     1 |       |       ||     1
       Club              |    19 |       |       ||    19
       Short sword       |    46 |    37 |       ||    83
       Rapier            |       |    33 |    93 ||   126
 Cast: Foxfire           |    72 |   125 |   130 ||   327
       Fireball          |       |       |     8 ||     8
       Sticky Flame      |       |       |     2 ||     2
  Use: Scroll            |       |     7 |     2 ||     9
Armor: Robe              |    14 |    23 |    42 ||    79
Dodge: Dodged            |    41 |    55 |    87 ||   183
